General information
- name: BNet
- type: Ladder team game (AT/RT)
- host: Battle.net
- saver: newpa.tch1.23
map: Friends
- players: 8
- length: 23:50
- speed: Fast
- version: 1.22 W3XP
- replay type: Public
» download(103 KB)
Players
team 1 (loser)
KOD_WILSON (
teal | 41 APM | 969 actions | 23:48)
5 Demon Hunter 3 Immolation
2 Evasion
1 Keeper of the Grove 1 Entangling Roots
» actions
Assign group hotkey | 17 | |
Build / train | 58 | |
Enter build submenu | 17 | |
Enter hero's abilities submenu | 6 | |
Remove unit from queue | 2 | |
Right click | 411 | |
Select / deselect | 295 | |
Select group hotkey | 119 | |
Use ability | 44 | |
969 total
» units
Wisp | 16 | |
Huntress | 7 | |
Archer | 10 | |
Hippogryph | 5 | |
Chimaera | 1 | |
39 total
» upgrades
Moon Armor | 1 | |
Ultravision | 0 | |
Strength of the Moon | 1 | |
Nature's Blessing | 1 | |
Improved Bows | 1 | |
Hippogryph Taming | 1 | |
Corrosive Breath | 1 | |
6 total
» buildings
Moon Well | 6 | |
Altar of Elders | 1 | |
Ancient of War | 2 | |
Hunter's Hall | 1 | |
Ancient Protector | 3 | |
Tree of Ages | 1 | |
Ancient of Wind | 2 | |
Tree of Life | 1 | |
17 total
» build order
00:33 Moon Well
00:40 Altar of Elders
01:29 Moon Well
01:49 Ancient of War
02:13 Ancient of War
02:48 Hunter's Hall
02:58 Moon Well
05:40 Moon Well
06:51 Ancient Protector
08:32 Tree of Ages
08:40 Moon Well
09:36 Ancient Protector
09:42 Ancient Protector
11:20 Ancient of Wind
11:23 Ancient of Wind
19:59 Moon Well
20:24 Tree of Ages
21:03 Tree of Life
» items
Scroll of Speed | 1 | |
Healing Salve | 1 | |
Orb of Lightning | 1 | |
3 total
SicK_oF_LoSing (
pink | 62 APM | 1011 actions | 16:17)
2 Keeper of the Grove 1 Entangling Roots
1 Force of Nature
» actions
Assign group hotkey | 18 | |
Build / train | 42 | |
Enter build submenu | 15 | |
Enter hero's abilities submenu | 2 | |
Right click | 346 | |
Select / deselect | 223 | |
Select group hotkey | 324 | |
Use ability | 41 | |
1011 total
» units
Wisp | 9 | |
Archer | 15 | |
Hippogryph | 4 | |
Chimaera | 5 | |
33 total
» upgrades
Strength of the Moon | 1 | |
Moon Armor | 1 | |
Strength of the Wild | 1 | |
Reinforced Hides | 1 | |
4 total
» buildings
Altar of Elders | 1 | |
Moon Well | 7 | |
Ancient of War | 1 | |
Hunter's Hall | 1 | |
Tree of Ages | 1 | |
Tree of Eternity | 1 | |
Ancient of Wind | 1 | |
Chimaera Roost | 2 | |
Tree of Life | 1 | |
16 total
» build order
00:14 Altar of Elders
00:19 Moon Well
00:35 Ancient of War
01:37 Moon Well
02:35 Moon Well
03:14 Hunter's Hall
04:37 Moon Well
05:22 Tree of Ages
07:45 Tree of Eternity
08:28 Ancient of Wind
09:39 Moon Well
10:17 Chimaera Roost
10:18 Chimaera Roost
11:45 Moon Well
12:37 Moon Well
15:39 Tree of Life
forcedsl (
blue | 41 APM | 755 actions | 18:31)
3 Blademaster 2 Critical Strike
1 Mirror Image
» actions
Assign group hotkey | 26 | |
Basic commands | 50 | |
Build / train | 45 | |
Enter build submenu | 16 | |
Enter hero's abilities submenu | 3 | |
Remove unit from queue | 1 | |
Right click | 160 | |
Select / deselect | 217 | |
Select group hotkey | 204 | |
Use ability | 33 | |
755 total
» units
Peon | 8 | |
Grunt | 11 | |
Demolisher | 4 | |
Troll Batrider | 4 | |
27 total
» upgrades
Armor | 2 | |
Berserker Strength | 1 | |
Ranged Weapons | 1 | |
Burning Oil | 1 | |
5 total
» buildings
Altar of Storms | 1 | |
Barracks | 2 | |
Orc Burrow | 4 | |
War Mill | 1 | |
Voodoo Lounge | 1 | |
Stronghold | 1 | |
Fortress | 1 | |
Beastiary | 2 | |
13 total
» build order
01:47 Altar of Storms
01:52 Barracks
01:59 Orc Burrow
02:04 War Mill
03:15 Orc Burrow
04:10 Voodoo Lounge
04:18 Orc Burrow
05:56 Stronghold
06:24 Barracks
08:46 Orc Burrow
10:18 Fortress
13:34 Beastiary
13:36 Beastiary
» items
Healing Salve | 1 | |
Scroll of Speed | 3 | |
Scroll of Town Portal | 1 | |
Orb of Lightning | 1 | |
6 total
EatMyBird (
green | 37 APM | 497 actions | 13:19)
2 Shadow Hunter 1 Serpent Ward
1 Healing Wave
» actions
Build / train | 26 | |
Enter build submenu | 15 | |
Enter hero's abilities submenu | 2 | |
Remove unit from queue | 2 | |
Right click | 213 | |
Select / deselect | 196 | |
Use ability | 43 | |
497 total
» units
» upgrades
Pillage | 1 | |
Melee Weapons | 1 | |
Armor | 1 | |
Ranged Weapons | 1 | |
4 total
» buildings
Altar of Storms | 1 | |
Orc Burrow | 5 | |
Barracks | 2 | |
War Mill | 1 | |
Voodoo Lounge | 1 | |
Stronghold | 1 | |
Beastiary | 2 | |
13 total
» build order
00:08 Altar of Storms
00:10 Orc Burrow
00:28 Barracks
02:01 Orc Burrow
03:11 Barracks
05:24 Orc Burrow
06:06 War Mill
06:11 Voodoo Lounge
09:10 Stronghold
09:24 Orc Burrow
11:33 Beastiary
11:35 Beastiary
11:40 Orc Burrow
team 2 (winner)
»
newpa.tch1.23 (
purple | 81 APM | 1934 actions | 23:50)
6 Tauren Chieftain 3 Endurance Aura
2 War Stomp
1 Reincarnation
8 Priestess of the Moon 3 Scout
3 Trueshot Aura
2 Starfall
7 Death Knight 3 Death Coil
3 Unholy Aura
1 Animate Dead
» actions
Assign group hotkey | 37 | |
Basic commands | 103 | |
Build / train | 201 | |
ESC pressed | 3 | |
Enter build submenu | 71 | |
Enter hero's abilities submenu | 27 | |
Remove unit from queue | 3 | |
Right click | 512 | |
Select / deselect | 456 | |
Select group hotkey | 377 | |
Use ability | 144 | |
1934 total
» units
Peon | 13 | |
Acolyte | 2 | |
Wisp | 16 | |
Ghoul | 4 | |
Crypt Fiend | 8 | |
Archer | 26 | |
Huntress | 6 | |
Necromancer | 9 | |
Obsidian Statue | 1 | |
Druid of the Talon | 7 | |
Frost Wyrm | 6 | |
Dryad | 10 | |
Hippogryph | 7 | |
Shaman | 4 | |
Troll Witch Doctor | 2 | |
121 total
» upgrades
Web | 1 | |
Necromancer Training | 2 | |
Skeletal Longevity | 1 | |
Skeletal Mastery | 1 | |
Improved Bows | 2 | |
Marksmanship | 2 | |
Shaman Training | 2 | |
Witch Doctor Training | 2 | |
Freezing Breath | 1 | |
Banshee Training | 1 | |
Creature Attack | 1 | |
Creature Carapace | 1 | |
17 total
» buildings
Ziggurat | 8 | |
Crypt | 2 | |
Altar of Elders | 2 | |
Moon Well | 16 | |
Altar of Storms | 1 | |
Orc Burrow | 4 | |
Altar of Darkness | 1 | |
Graveyard | 1 | |
Voodoo Lounge | 2 | |
Ancient of War | 5 | |
Hunter's Hall | 2 | |
Nerubian Tower | 1 | |
War Mill | 1 | |
Halls of the Dead | 1 | |
Tree of Ages | 3 | |
Black Citadel | 1 | |
Sacrificial Pit | 2 | |
Temple of the Damned | 2 | |
Slaughterhouse | 1 | |
Stronghold | 1 | |
Tomb of Relics | 1 | |
Tree of Eternity | 2 | |
Ancient of Wind | 3 | |
Ancient of Lore | 1 | |
Spirit Tower | 1 | |
Boneyard | 2 | |
Fortress | 1 | |
Spirit Lodge | 2 | |
70 total
» build order
00:15 Ziggurat
00:16 Crypt
00:23 Altar of Elders
00:24 Moon Well
00:32 Moon Well
00:32 Altar of Elders
00:34 Altar of Storms
00:36 Orc Burrow
00:44 Altar of Darkness
01:18 Graveyard
01:19 Crypt
01:34 Voodoo Lounge
01:45 Voodoo Lounge
01:50 Ancient of War
01:50 Ancient of War
02:00 Hunter's Hall
02:10 Ancient of War
02:12 Ancient of War
02:23 Ziggurat
02:24 Ziggurat
02:26 Nerubian Tower
02:30 Ancient of War
02:31 Moon Well
02:35 Moon Well
02:38 Moon Well
02:40 Moon Well
02:56 War Mill
03:32 Ziggurat
03:55 Halls of the Dead
03:58 Ziggurat
04:35 Tree of Ages
06:21 Tree of Ages
06:23 Moon Well
06:23 Moon Well
06:39 Black Citadel
06:41 Sacrificial Pit
06:42 Temple of the Damned
06:43 Temple of the Damned
06:45 Sacrificial Pit
06:47 Slaughterhouse
06:55 Tree of Ages
06:57 Hunter's Hall
08:09 Stronghold
08:38 Tomb of Relics
08:47 Tree of Eternity
08:49 Ancient of Wind
08:50 Ancient of Lore
09:32 Tree of Eternity
09:34 Ancient of Wind
09:34 Ancient of Wind
09:47 Spirit Tower
09:54 Boneyard
10:00 Boneyard
10:01 Ziggurat
10:02 Ziggurat
10:02 Ziggurat
11:25 Fortress
11:27 Spirit Lodge
11:27 Spirit Lodge
11:30 Orc Burrow
11:30 Orc Burrow
16:04 Moon Well
16:04 Moon Well
16:04 Moon Well
16:04 Moon Well
17:58 Moon Well
17:58 Moon Well
18:25 Orc Burrow
18:56 Moon Well
18:59 Moon Well
» items
Scroll of Speed | 2 | |
Lesser Clarity Potion | 2 | |
Healing Salve | 14 | |
18 total
Chat log
(00:21 / All) EatMyBird: ty 25th win :)
(03:35 / All) forcedsl: you are a busy little bee
(03:59 / All) forcedsl: you will have an attention deficit disorder attack if you keep it up
(06:34 / All) forcedsl: i feel like we are abusing you dude, just quit
(11:51 / All) forcedsl: who got gold, that bastard
(12:15 / All) newpa.tch1.23: LOST TO TOWERS
(12:18 / All) newpa.tch1.23: KLOST STO STAB
(12:19 / All) newpa.tch1.23: NOW LOSE 4V1
(12:22 / All) newpa.tch1.23: TRASH
(13:21 / All) newpa.tch1.23: PATHETIC
(13:23 / All) newpa.tch1.23: GTFO
(13:24 / All) newpa.tch1.23: TRASH
(14:43 / All) newpa.tch1.23: SOOOOO BAD
(15:58 / All) newpa.tch1.23: SO BAD
(15:59 / All) newpa.tch1.23: VERY BAD
(16:16 / All) SicK_oF_LoSing: I laugh at you purp =)
(16:40 / All) newpa.tch1.23: YEAH U KILL THAT ONE UNIT
(16:43 / All) newpa.tch1.23: IM ALL OUTTA UNITS NOW
(16:44 / All) newpa.tch1.23: SHIT
(17:33 / All) forcedsl: gg
(17:36 / All) forcedsl: bah
(17:43 / All) newpa.tch1.23: NOOB
(17:51 / All) forcedsl: hehe
(17:57 / All) forcedsl: you kicked our ass
(18:30 / All) forcedsl: ahh, you bastard
(23:07 / All) newpa.tch1.23: 7 UNIT CGROOPUS
(23:08 / All) newpa.tch1.23: TO CONTROL